 Dungeon Crawl Stone Soup version 0.26.0-16-gc1dbca0489 (webtiles) character file.

Game seed: 5265090336283825501

443 Sarudalf the Digger (level 6, 0/30 (35) HPs)
             Began as a Deep Elf Earth Elementalist on Jan 21, 2021.
             Slain by an orc wizard
             ... wielding a +0 dagger
              (3 damage)
             ... on level 4 of the Dungeon.
             The game lasted 00:44:52 (5390 turns).

Sarudalf the Digger (Deep Elf Earth Elementalist)   Turns: 5390, Time: 00:44:53

HP:   0/30 (35)     AC:  4    Str:  7    XL:     6   Next: 71%
MP:   2/13          EV: 13    Int: 20    God:
Gold: 189           SH:  0    Dex: 15    Spells: 5/11 levels left

rFire    . . .     SeeInvis .   h - +0 short sword
rCold    . . .     Faith    .   (no shield)
rNeg     . . .     Spirit   .   c - +0 robe
rPois    .         Reflect  .   (no helmet)
rElec    .         Harm     .   f - +0 cloak
rCorr    .         Rampage  .   d - +0 pair of gloves
Will     .....                  (no boots)
Stlth    ++........             (no amulet)
HPRegen  0.10/turn              (no ring)
MPRegen  0.13/turn              (no ring)

@: heavily drained
A: no striking features
a: no special abilities


You were on level 4 of the Dungeon.
You visited 1 branch of the dungeon, and saw 4 of its levels.

You collected 189 gold pieces.

Inventory:

Hand Weapons
 h - a +0 short sword (weapon)
 k - a +3 short sword
 l - a +0 hunting sling
 o - a +0 spear
Missiles
 b - 32 stones
 r - 35 sling bullets
 t - a throwing net
 u - 8 poisoned darts
Armour
 a - a cursed +0 leather armour
 c - a +0 robe (worn)
 d - a +0 pair of gloves (worn)
 f - a +0 cloak (worn)
Magical Staves
 z - an uncursed staff of cold
Jewellery
 q - an uncursed amulet of reflection {unknown}
 s - an uncursed ring of magical power {unknown}
Wands
 n - a wand of flame (14)
Scrolls
 e - 2 scrolls of teleportation
 g - 2 scrolls of remove curse
 i - 2 scrolls of magic mapping {unknown}
 m - a scroll of immolation {unknown}
 p - 2 scrolls of fog {unknown}
 v - 4 scrolls of identify {unknown}
 w - a scroll of noise {unknown}
 y - a scroll of enchant armour {unknown}
Potions
 x - a potion of heal wounds {unknown}


   Skills:
 * Level 1.7 Fighting
 - Level 0.1 Short Blades
 + Level 3.3 Dodging
 - Level 3.0 Stealth
 + Level 3.4 Spellcasting
 + Level 4.0 Conjurations
 - Level 2.0 Transmutations
 + Level 5.6 Earth Magic


You had 5 spell levels left.
You knew the following spells:

 Your Spells              Type           Power        Failure   Level
a - Sandblast             Erth           50%          1%          1
b - Stone Arrow           Conj/Erth      44%          5%          3
c - Passwall              Tmut/Erth      15%          4%          2

Your spell library contained the following spells:

 Spells                   Type           Power        Failure   Level
 Petrify                  Tmut/Erth      18%          28%         4
 Lee's Rapid Deconstruct  Erth           12%          36%         5


Dungeon Overview and Level Annotations

Branches:
Dungeon (4/15)
 Temple: D:4-7

Altars:
Fedhas
Gozag
Qazlal

Annotations:
D:3 exclusion: downstairs
D:4 1 exclusion, Dowan


Message History

A rock wall.
You begin to meditate on the wall.
You continue meditating on the rock.
Something hits you.
* * * LOW HITPOINT WARNING * * *
You feel drained.
You continue meditating on the rock.
Something hits you.
* * * LOW HITPOINT WARNING * * *
You feel drained.
You finish merging with the rock.
The orc wizard points at you and mumbles some strange words.
The puff of frost misses you.
Casting: Passwall (safe; 4% risk of failure)
Confirm with . or Enter, or press ? or * to list all spells.
Aiming: Passwall (safe; 4% risk of failure)
Press: ? - help, Dir - move target A rock wall.
You begin to meditate on the wall.
You continue meditating on the rock. x2
The orc wizard hits you with a +0 dagger.
You die...

.......#.#########.#
.......#.#....# #.#######
...#####.#.##.####.......# ####
#.#..#....#######.#
#....####.#.....#.#
########..####.#..##.#.#######
............##.#..##.#.#.....#
##########..#.##.##.##.#.#.##.##
.)..........#.##@#.....#.#.<...#
##.#.####...#.##o#####.#.####.##
#o#........o..........#.......#
##{#..#####.#.##.#####.######.##
.#{#..##.o..#.##.#####.# #.#
...#..##.####.##.#...#.######.##
####..........##.#.#.#.........#
..o..###.#######.#.#.######...##
########.##.............# #.#.#


You could see an orc wizard (fast).

Vanquished Creatures
  A howler monkey (D:4)
  A centaur skeleton (D:4)
  A bullfrog skeleton (D:4)
  2 hounds (D:4)
  An orc priest (D:4)
  2 orc wizards (D:4)
  2 gnolls (D:3)
  8 adders
  2 oozes
  2 worms (D:2)
  A dart slug (D:3)
  2 leopard geckos
  5 orcs
  5 giant cockroaches
  12 goblins
  9 hobgoblins
  15 jackals
  A quokka (D:2)
  2 ball pythons
  5 bats
  7 frilled lizards
  13 kobolds
  7 rats
106 creatures vanquished.

Vanquished Creatures (others)
  6 plants (D:3)
6 creatures vanquished.

Grand Total: 112 creatures vanquished

Notes
Turn   | Place    | Note
-------+----------+-------------------------------------------
     0 | D:1      | Sarudalf the Deep Elf Earth Elementalist began the quest
                  | for the Orb.
     0 | D:1      | Reached XP level 1. HP: 10/10 MP: 6/6
   285 | D:1      | Reached XP level 2. HP: 16/16 MP: 6/8
   541 | D:1      | Reached skill level 4 in Earth Magic
   599 | D:1      | Reached skill level 1 in Fighting
   894 | D:1      | Reached XP level 3. HP: 20/20 MP: 6/9
   898 | D:1      | Learned a level 3 spell: Stone Arrow
   901 | D:1      | Learned a level 2 spell: Passwall
  1222 | D:2      | Reached skill level 1 in Conjurations
  1571 | D:2      | Reached XP level 4. HP: 24/25 MP: 6/10
  2932 | D:3      | Found an opulent altar of Gozag.
  2935 | D:3      | Found a stormy altar of Qazlal.
  2939 | D:3      | Found a blossoming altar of Fedhas.
  3247 | D:3      | Reached XP level 5. HP: 29/29 MP: 9/11
  4656 | D:4      | Reached skill level 5 in Earth Magic
  4660 | D:4      | Reached XP level 6. HP: 21/34 MP: 7/12
  5255 | D:4      | Noticed Dowan
  5360 | D:4      | HP: 1/32 [something/puff of flame (14)]
  5369 | D:4      | HP: 1/31 [something (3)]
  5390 | D:4      | Slain by an orc wizard

Illustrated notes

Levels and vault maps discovered:
D:1:      tarquinn_simple_flora_water_e, layout_loops_ring
D:2:      layout_basic
D:3:      corexii_shack_village, layout_basic, grunt_temple_overflow_diamond
D:4:      layout_basic, uniq_duvessa

Skill      XL: |  1  2  3  4  5 |
---------------+----------------+-----
Earth Magic    | 4 5 |  5.6
Fighting       | 1 |  1.7
Conjurations   | 1 2 4 |  4.0
Dodging        | 3 |  3.3
Stealth        | 3 |  3.0
Transmutations | 2 |  2.0
Short Blades   | |  0.1
Spellcasting   | |  3.4

Action                   |  1- 3 |  4- 6 || total
-------------------------+-------+-------++-------
Melee: Unarmed           |     3 |       ||     3
       Short sword       |    37 |    94 ||   131
 Fire: Hunting sling     |     1 |       ||     1
Throw: Stone             |     2 |       ||     2
       Dart              |       |     7 ||     7
 Cast: Sandblast         |    48 |    84 ||   132
       Passwall          |       |    10 ||    10
       Stone Arrow       |       |     2 ||     2
  Use: Scroll            |       |     2 ||     2
       Potion            |       |     2 ||     2
 Stab: Sleeping          |     5 |     7 ||    12
Armor: Robe              |     9 |    33 ||    42
Dodge: Dodged            |    33 |   106 ||   139
